AoeStats
← kshatru_zan

Arena

509003369Analyzed
4v4 RM · 6d ago on Sep 25, 2026· 24m 2s· 8 players
Game mode
Random Map
Map size
Large (8 player)
Population
200
Speed
Normal
Resources
Standard
Victory
Conquest
Starting age
Dark Age
Ending age
Imperial Age
RankedLock teamsTeams togetherTeam positionsShared explorationLock speedFull tech treeHidden civsTurbo modeCheats
Victory
Defeat
🇨🇳 Bohemians · China
957
+2
🇨🇳 Japanese · China
847
+3
🇺🇸 Mapuche · United States
775
+5
🇦🇷 Lithuanians · Argentina
683
+6
🇺🇸 Franks · United States
586
-6
🇨🇳 Georgians · China
457
-4
🇺🇸 Japanese · United States
444
-3
🇨🇦 Jurchens · Canada
410
-3
ENIKMA 0666
Bad Bradley B
14:24 Feudal Age
13:11 Loom
15:14 Double-Bit Axe
16:13 Wheelbarrow
15:55 Horse Collar
25:02 Castle Age
Feudal Temptation
0:29 Loom
おに惨
kshatru_zan
Luciano24cm
5:47 Loom
9:03 Feudal Age
9:44 Double-Bit Axe
18:32 Castle Age
16:29 Horse Collar
17:02 Gold Mining
19:46 Bow Saw
23:46 Fervor
飞羽
0:40 Loom
kddk
9:09 Feudal Age
9:37 Double-Bit Axe
15:25 Castle Age
13:25 Horse Collar
17:22 Wheelbarrow
17:12 Bow Saw
18:29 Chemistry
18:03 Bow Saw
Connection lost

Rejoining the realm…

Still unreachable

The connection could not be restored.

Session expired

The server has moved on; the page needs a fresh start.